 Dungeon Crawl Stone Soup version 0.23.0-3-gf3c87f2 (webtiles) character file.

Game seed: 3578425352460850970

64 Borgoz the Sneak (level 4, -1/37 HPs)
             Began as a Ghoul Assassin on Feb 23, 2019.
             Slain by a hound (3 damage)
             ... while paralysed by Grinder
             ... on level 3 of the Dungeon.
             The game lasted 00:02:31 (1776 turns).

Borgoz the Sneak (Ghoul Assassin)                   Turns: 1776, Time: 00:02:32

Health: -1/37      AC:  3    Str: 14    XL:     4   Next: 12%
Magic:  3/3        EV:  2    Int:  6    God:
Gold:   71         SH:  0    Dex: 11    Spells: 3/3 levels left

rFire    . . .     SeeInvis .   a - +2 dagger
rCold    + . .     Gourm    .   (no shield)
rNeg     + + +     Faith    .   c - +0 robe
rPois    ∞         Spirit   .   (no helmet)
rElec    .         Reflect  .   d - +0 cloak
rCorr    .         Harm     .   (no gloves)
MR       .....                  (no boots)
Stlth    +++.......             (no amulet)
HPRegen  0.00/turn              h - ring of wizardry (curse)
MPRegen  0.08/turn              (no ring)

@: paralysed, rotting
A: rotting body, claws 1, carnivore, cold resistance 1, negative energy
resistance 3, inhibited regeneration, torment resistance, unbreathing
a: no special abilities


You were on level 3 of the Dungeon.
You were not hungry.

You visited 1 branch of the dungeon, and saw 4 of its levels.

You collected 71 gold pieces.

Inventory:

Hand Weapons
 a - a +2 dagger (weapon)
 b - a +0 blowgun
Missiles
 e - 27 poisoned needles
 f - 2 curare-tipped needles
 l - 5 needles of confusion
Armour
 c - a +0 robe (worn)
 d - a +0 cloak (worn)
Jewellery
 h - a cursed ring of wizardry (left claw)
Scrolls
 k - 5 scrolls of identify
Comestibles
 g - 4 rations


   Skills:
 + Level 2.5 Fighting
 * Level 2.5 Short Blades
 + Level 2.1 Throwing
 * Level 2.1 Dodging
 + Level 4.7 Stealth


You had 3 spell levels left.
You didn't know any spells.
Your spell library was empty.

Dungeon Overview and Level Annotations

Branches:
Dungeon (4/15)
 Temple: D:4-7

Altars:
Ashenzari

Annotations:
D:3 Grinder


Innate Abilities, Weirdness & Mutations

Your body is rotting away.
You thrive on raw meat.
You are immune to poison.
You have sharp fingernails.
You are carnivorous and can eat meat at any time.
Your flesh is cold resistant. (rC+)
You are immune to negative energy. (rN+++)
You do not regenerate when monsters are visible.
You are immune to unholy pain and torment.
You can survive without breathing.


Message History

The hound misses you.
You barely miss the hound.
The hound is severely wounded.
The hound bites you but does no damage. The hound closely misses you.
Okay, then.
You closely miss the hound.
The hound is heavily wounded.
Grinder completely misses you. The hound bites you.
* * * LOW HITPOINT WARNING * * *
You barely miss the hound.
The hound is heavily wounded.
The hound bites you.
* * * LOW HITPOINT WARNING * * *
Grinder blinks!
You hit the hound.
The hound is severely wounded.
The hound closely misses you. Grinder gestures at you.
You suddenly lose the ability to move!
The hound bites you.
You die...

#....# ###### ###....#
#..#.# #......# #..#.#
#......##
#..#.###.......#
###5.............#
#..[.......#)#...####
###.#.§#h###..........#
.......@.# #>.........#
###.##..## #.........<#
#.##..####...#...#####
#.#.....)#...#........
#÷.....#.#...#....####
####......#..........#
#......#.####..#######
#.##.<###.# ...# # #.##
#.....


You could see Grinder and a hound.

Vanquished Creatures
  3 adders
  A dart slug (D:2)
  2 orcs (D:4)
  5 bats
  2 giant cockroaches (D:1)
  4 goblins
  4 hobgoblins
  3 jackals (D:1)
  A frilled lizard (D:2)
  3 kobolds (D:1)
  2 rats
30 creatures vanquished.

Notes
Turn   | Place    | Note
-------+----------+-------------------------------------------
     0 | D:1      | Borgoz the Ghoul Assassin began the quest for the Orb.
     0 | D:1      | Reached XP level 1. HP: 17/17 MP: 0/0
   115 | D:1      | Reached skill level 1 in Dodging
   253 | D:1      | Reached XP level 2. HP: 21/24 MP: 1/1
   675 | D:2      | Found a faded altar of an unknown god.
   704 | D:2      | Found a shattered altar of Ashenzari.
   736 | D:2      | Reached XP level 3. HP: 30/30 MP: 2/2
  1697 | D:3      | Noticed Grinder
  1731 | D:4      | Reached XP level 4. HP: 37/37 MP: 3/3
  1776 | D:3      | Paralysed by Grinder for 4 turns
  1776 | D:3      | Slain by a hound

Skill      XL: |  1  2  3 |
---------------+----------+-----
Dodging        | 1 2 |  2.1
Short Blades   | 2 |  2.5
Throwing       | 2 |  2.1
Fighting       | |  2.5
Stealth        | |  4.7

Action                   |  1- 3 |  4- 6 || total
-------------------------+-------+-------++-------
Melee: Dagger            |    99 |    23 ||   122
  Use: Potion            |     1 |     1 ||     2
       Scroll            |     1 |       ||     1
 Stab: Sleeping          |     6 |       ||     6
  Eat: Chunk             |    13 |       ||    13
Armor: Robe              |    30 |     3 ||    33
Dodge: Dodged            |    68 |    32 ||   100
